AoeStats
← Kaii

Pilgrims

509464082Analyzed
4v4 RM · 4d ago on Sep 26, 2026· 46m 40s· 8 players
Game mode
Random Map
Map size
Large (8 player)
Population
200
Speed
Normal
Resources
Standard
Victory
Conquest
Starting age
Dark Age
Ending age
Imperial Age
RankedLock teamsTeams togetherTeam positionsShared explorationLock speedFull tech treeHidden civsTurbo modeCheats
Victory
Defeat
🇹🇷 Malay · Türkiye
1357
+16
🇹🇷 Persians · Türkiye
1310
+18
🇫🇷 Malians · France
1279
+20
🇹🇷 Slavs · Türkiye
1219
+22
🇧🇷 Vietnamese · Brazil
1504
-25
🇧🇷 Dravidians · Brazil
1447
-22
🇧🇷 Malay · Brazil
1334
-18
🇧🇷 Varangians · Brazil
1151
-11
CatyKat
9:41 Loom
12:14 Feudal Age
12:53 Horse Collar
13:02 Double-Bit Axe
18:38 Castle Age
17:49 Gold Mining
19:25 Heavy Plow
20:01 Gold Shaft Mining
19:41 Bow Saw
22:24 Stone Mining
26:38 Gold Shaft Mining
29:08 Detinets
31:58 Imperial Age
28:57 Man-at-Arms
29:43 Scale Mail Armor
29:53 Forging
31:14 Wheelbarrow
30:24 Long Swordsman
31:05 Squires
32:09 Iron Casting
31:49 Chain Mail Armor
32:36 Hand Cart
32:04 Capped Ram
32:12 Two-Handed Swordsman
34:33 Crop Rotation
33:56 Champion
34:54 Town Watch
36:12 Blast Furnace
35:42 Plate Mail Armor
36:55 Siege Ram
37:40 Fletching
38:34 Conscription
38:45 Murder Holes
39:10 Ballistics
40:07 Siege Engineers
40:28 Town Patrol
40:12 Onager
40:19 Pikeman
43:19 Masonry
44:10 Chemistry
43:34 Druzhina
42:56 Siege Onager
42:59 Halberdier
Rpt
4:15 Loom
10:53 Feudal Age
12:18 Town Watch
17:47 Castle Age
20:55 Horse Collar
24:22 Stone Mining
26:07 Wheelbarrow
28:14 Forging
28:05 Scale Mail Armor
32:54 Imperial Age
31:41 Iron Casting
31:22 Chain Mail Armor
33:35 Masonry
33:02 Elite Gbeto
34:03 Conscription
38:09 Conscription
39:11 Conscription
42:14 Plate Mail Armor
44:00 Hand Cart
43:50 Heavy Plow
43:22 Onager
46:01 Chemistry
45:10 Siege Onager
JUST A TURK
11:19 Feudal Age
15:27 Fishing Lines
16:55 Loom
18:42 Wheelbarrow
22:53 Castle Age
36:03 Imperial Age
34:57 Hand Cart
35:28 Scale Barding Armor
36:30 Bloodlines
36:44 Chain Barding Armor
35:47 Cavalier
36:29 Husbandry
36:39 Husbandry
36:52 Forging
37:24 Savar
37:38 Heavy Camel Rider
39:33 Plate Barding Armor
40:23 Light Cavalry
41:41 Iron Casting
41:41 Hussar
44:09 Blast Furnace
45:23 Chemistry
Kaii
4:31 Loom
12:17 Feudal Age
15:26 Castle Age
13:50 Fletching
13:51 Double-Bit Axe
14:46 Padded Archer Armor
15:20 Bodkin Arrow
15:51 Medium Warships
18:54 Bow Saw
20:09 Leather Archer Armor
21:52 Ballistics
22:39 Horse Collar
27:45 Heavy Plow
28:59 Thalassocracy
31:56 Wheelbarrow
31:23 Gold Mining
33:30 Forging
33:25 Scale Barding Armor
36:21 Imperial Age
34:33 Husbandry
35:20 Hand Cart
35:19 Forging
35:15 Scale Barding Armor
35:41 Elite Battle Elephant
37:41 Iron Casting
39:41 Blast Furnace
41:32 Crop Rotation
42:39 Gold Shaft Mining
46:09 Forced Levy
45:35 Man-at-Arms
46:30 Long Swordsman
47:11 Squires
46:56 Arson
PNLN | leomota21
7:58 Loom
10:23 Feudal Age
14:48 Castle Age
12:44 Double-Bit Axe
13:47 Forging
13:41 Gold Mining
16:10 Medium Warships
16:40 Bow Saw
17:24 Town Watch
18:20 Wheelbarrow
23:18 Fishing Lines
23:55 Horse Collar
26:17 Heavy Plow
27:38 Fletching
27:49 Padded Archer Armor
28:01 Stone Mining
28:29 Bodkin Arrow
29:31 Ballistics
29:56 Leather Archer Armor
33:25 Imperial Age
31:11 Hand Cart
32:40 Stone Shaft Mining
32:20 Murder Holes
34:18 Bracer
35:22 Chemistry
35:16 Ring Archer Armor
36:53 Elite Rattan Archer
38:26 Paper Money
39:34 Hoardings
40:40 Two-Man Saw
40:11 Crop Rotation
43:24 Chatras
43:30 Squires
43:16 Arson
42:52 Elite Fire Lancer
43:34 Scale Mail Armor
44:15 Iron Casting
45:26 Chain Mail Armor
[LCDR]Zuru
7:14 Loom
8:43 Loom
10:49 Feudal Age
10:42 Fishing Lines
15:27 Castle Age
14:52 Double-Bit Axe
14:58 Gold Mining
15:28 Medium Warships
17:08 Forging
17:18 Bow Saw
18:49 Gillnets
18:49 Demolition Ship
26:48 Gold Shaft Mining
27:43 Wheelbarrow
31:31 Imperial Age
31:34 Heavy Warships
32:40 Chemistry
34:00 Fletching
34:49 Bodkin Arrow
35:20 Hand Cart
34:42 Crossbowman
36:01 Conscription
36:07 Thumb Ring
36:41 Bracer
38:47 Scale Barding Armor
39:05 Squires
38:31 Pikeman
39:07 Horse Collar
40:07 Heavy Plow
41:05 Iron Casting
APY_TIAGO
11:17 Feudal Age
15:21 Castle Age
14:03 Loom
14:26 Double-Bit Axe
15:17 Gold Mining
16:14 Fletching
18:04 Bodkin Arrow
27:44 Scale Barding Armor
27:50 Forging
28:31 Bloodlines
28:22 Husbandry
32:49 Imperial Age
31:46 Stone Mining
32:33 Wheelbarrow
32:40 Vendel Legacy
34:00 Chain Barding Armor
34:24 Cavalier
38:09 Plate Barding Armor
38:10 Horse Collar
40:03 Iron Casting
40:56 Masonry
40:14 Pikeman
41:23 Scale Mail Armor
41:28 Halberdier
43:50 Chain Mail Armor
45:48 Blast Furnace
PNLN | RobiurasRox
7:01 Loom
9:38 Feudal Age
10:19 Double-Bit Axe
11:41 Fletching
23:55 Castle Age
25:25 Bodkin Arrow
26:42 Ballistics
26:19 Fishing Lines
26:56 Medium Warships
29:40 Wheelbarrow
28:50 Town Watch
30:10 Bow Saw
29:44 Horse Collar
29:52 Town Watch
32:20 Hand Cart
32:08 Crossbowman
32:44 Fishing Lines
33:30 Thumb Ring
38:54 Imperial Age
36:35 Padded Archer Armor
38:26 Heavy Plow
44:05 Elite Elephant Archer
Connection lost

Rejoining the realm…

Still unreachable

The connection could not be restored.

Session expired

The server has moved on; the page needs a fresh start.